 Dungeon Crawl Stone Soup version 0.27-a0-1319-geec4fb4e21 (webtiles) character file.

Game seed: 3536086421686784183

149884 RBrandon the Nimble (level 18, -3/139 HPs)
             Began as a Djinni Artificer on June 21, 2021.
             Was the Champion of Ashenzari.
             Killed by divine providence
             ... invoked by Saint Roka
              (14 damage)
             ... on level 4 of the Snake Pit on June 22, 2021.
             The game lasted 01:51:41 (42226 turns).

RBrandon the Nimble (Djinni Artificer)             Turns: 42226, Time: 01:51:42

Health: -3/139     AC: 17    Str: 13    XL:     18   Next: 14%
Gold:   1497       EV: 34    Int: 19    God:    Ashenzari [******] SH: 20 Dex: 28

rFire    + + +     SeeInvis +   M - +6 shillelagh "Devastator" {shatter, Melee, Evo} (curse)
rCold    . . .     Faith    .   z - +0 kite shield of Ouranomancy {AC+3, Melee, Cun} (curse)
rNeg     . . .     Spirit   .   c - +0 steam dragon scales of Supernal Gnosis {Cun, Fort} (curse)
rPois    ∞         Reflect  +   m - +1 helmet "Hedonism of the Sky" {Evo, Range} (curse)
rElec    +         Harm     .   J - +0 cloak of Ashenzari's Discomfort {Self, Cun} (curse)
rCorr    .         Rampage  .   f - +0 pair of gloves "Revealing Scepticism" {Fort, Range} (curse)
Will     +....     Clarity  +   (boots unavailable)
Stlth    +++++.....             g - amulet of the Esoteric Servitude {Reflect SH+5, Melee, Cun} (curse)
HPRegen  0.33/turn              w - ring of the All-seeing Atheism {Dex+6, Melee, Evo} (curse)
MPRegen  0.00/turn              K - ring of the Visionary Seer {rElec rC+ Dex+6 Stlth+, Cun, Evo} (curse)

@: unable to drink, flying
A: no potions, sickness immunity, fire resistance 3, cold vulnerability 1,
float, innate caster, hp casting, extra vitality 1, clever 1, mutation
resistance 1
a: Renounce Religion, Shatter the Chains


You were on level 4 of the Snake Pit.
You worshipped Ashenzari.
Ashenzari was exalted by your worship.
You visited 4 branches of the dungeon, and saw 27 of its levels.
You also visited: Bailey, Gauntlet and Ice Cave.

You collected 2451 gold pieces.
You spent 954 gold pieces at shops.

Inventory:

Hand Weapons
 M - the cursed +6 shillelagh "Devastator" (weapon) {shatter, Melee, Evo}
   (You bought it in a shop on level 3 of the Dungeon)

   It has a curse which improves the following skills: Melee Combat: Short
   Blades, Long Blades, Axes, Maces & Flails, Polearms, Staves and Unarmed
   Combat.
   Evocations: Evocations.
Missiles
 i - 95 poisoned darts (quivered)
 n - 35 boomerangs
 E - 6 atropa-tipped darts
 T - a throwing net
 U - 5 curare-tipped darts
Armour
 c - the cursed +0 steam dragon scales of Supernal Gnosis (worn) {Cun, Fort}
   (You found it on level 9 of the Dungeon)

   It has a curse which improves the following skills: Cunning: Dodging and
   Stealth.
   Fortitude: Armour and Shields.
 f - the cursed +0 pair of gloves "Revealing Scepticism" (worn) {Fort, Range}
   (You found it on level 7 of the Dungeon)

   It has a curse which improves the following skills: Fortitude: Armour and
   Shields.
   Ranged Combat: Slings, Bows, Crossbows and Throwing.
 m - the cursed +1 helmet "Hedonism of the Sky" (worn) {Evo, Range}
   (You bought it in a shop on level 5 of the Dungeon)

   It has a curse which improves the following skills: Evocations: Evocations.
   Ranged Combat: Slings, Bows, Crossbows and Throwing.
 z - the cursed +0 kite shield of Ouranomancy (worn) {AC+3, Melee, Cun}
   (You found it on level 3 of the Dungeon)

   It has a curse which improves the following skills: Melee Combat: Short
   Blades, Long Blades, Axes, Maces & Flails, Polearms, Staves and Unarmed
   Combat.
   Cunning:   Dodging and Stealth.
 J - the cursed +0 cloak of Ashenzari's Discomfort (worn) {Self, Cun}
   (You found it on level 1 of the Lair of Beasts)

   It has a curse which improves the following skills: Introspection: Fighting
   and Spellcasting.
   Cunning:   Dodging and Stealth.
 O - a scarf of resistance
   (You found it in a Gauntlet)
Jewellery
 g - the cursed amulet of the Esoteric Servitude (around neck) {Reflect SH+5, Melee, Cun}
   (You found it on level 5 of the Lair of Beasts)

   [amulet of reflection]

   It reflects blocked missile attacks.
   It affects your SH (+5).
   It has a curse which improves the following skills: Melee Combat: Short
   Blades, Long Blades, Axes, Maces & Flails, Polearms, Staves and Unarmed
   Combat.
   Cunning:   Dodging and Stealth.
 w - the cursed ring of the All-seeing Atheism (left hand) {Dex+6, Melee, Evo}
   (You found it on level 3 of the Dungeon)

   [ring of dexterity]

   It affects your dexterity (+6).
   It has a curse which improves the following skills: Melee Combat: Short
   Blades, Long Blades, Axes, Maces & Flails, Polearms, Staves and Unarmed
   Combat.
   Evocations: Evocations.
 K - the cursed ring of the Visionary Seer (right hand) {rElec rC+ Dex+6 Stlth+, Cun, Evo}
   (You found it on level 1 of the Lair of Beasts)

   [ring of dexterity]

   It affects your dexterity (+6).
   It protects you from cold.
   It insulates you from electricity.
   It makes you more stealthy.
   It has a curse which improves the following skills: Cunning: Dodging and
   Stealth.
   Evocations: Evocations.
 N - a ring of protection from cold
 X - a ring of willpower
Wands
 d - a wand of charming (42)
 h - a wand of digging (16)
 k - a wand of polymorph (17)
 F - a wand of iceblast (74)
 G - a wand of flame (17)
 S - a wand of acid (27)
 Y - a wand of paralysis (8)
Scrolls
 j - 12 scrolls of noise
 l - 6 scrolls of enchant weapon
 o - 5 scrolls of holy word
 q - 2 scrolls of immolation
 s - 2 scrolls of fear
 t - 6 scrolls of magic mapping
 x - 3 scrolls of brand weapon
 y - 7 scrolls of teleportation
 A - 4 scrolls of fog
 I - a scroll of acquirement
 V - 2 scrolls of blinking
 Z - a scroll of enchant armour
Potions
 b - 3 potions of haste
 p - 2 potions of ambrosia
 u - 3 potions of resistance
 v - 6 potions of curing
 B - 2 potions of flight
 C - a potion of brilliance
 D - 3 potions of magic
 H - 3 potions of might
 L - 2 potions of berserk rage
 P - a potion of cancellation
 R - a potion of invisibility
 W - 4 potions of heal wounds
Miscellaneous
 a - a phial of floods
 e - a piece from Xom's chessboard (15/15)
 r - a box of beasts


   Skills:
 - Level 12.9(15.6) Fighting
 - Level 9.0(15.7) Maces & Flails
 - Level 4.1(8.3) Throwing
 - Level 10.7(14.9) Armour
 - Level 13.1(20.7) Dodging
 - Level 1.6(6.8) Stealth
 - Level 11.3(15.5) Shields
 + Level 12.1(14.7) Spellcasting
 - Level 8.6(15.3) Evocations


You had 14 spell levels left.
You knew the following spells:

 Your Spells              Type           Power      Damage    Failure   Level
a - Apportation           Tloc           100%       N/A       0%          1
b - Corpse Rot            Necr/Air       N/A        N/A       0%          2
c - Tukima's Dance        Hex            63%        N/A       1%          3
d - Sticky Flame          Conj/Fire      63%        2d8       1%          4
e - Airstrike             Air            31%        N/A       1%          4
f - Agony                 Necr           63%        N/A       1%          5
g - Iron Shot             Conj/Erth      31%        9d6       1%          6
h - Ozocubu's Refrigerat  Ice            31%        4d11      9%          7
Your spell library was empty.

Dungeon Overview and Level Annotations

Branches:
Dungeon (15/15)            Temple (0/1) D:7            Lair (6/6) D:8
  Swamp (0/4) Lair:4        Snake (4/4) Lair:3        Slime (0/5) Lair:6
    Orc (2/2) D:9             Elf (0/3) Orc:2        Vaults (0/5) D:13
 Depths (0/5) D:15         Bailey (visited)           IceCv (visited)
Gauntlet (visited)

Altars:
Ashenzari
Cheibriados
Elyvilon
Gozag
Hepliaklqana
Makhleb
Uskayaw
Wu Jian
Yredelemnul
Zin
The Shining One
Beogh

Shops:
D:3 ?(   D:5 [   D:12 ?   Orc:1 [   Orc:2 (**=::[   Snake:3 =!**=   Snake:4 *

Portals:
Trove: D:13 (give 14 scrolls of teleportation)

Annotations:
D:5 exclusion: 4 doors
D:8 exclusion: acid dragon
Lair:3 exclusion: upstairs
Lair:5 2 transporters, exclusion: 2 ice statues, Necwier's ghost, journeyman MiBe
Snake:3 3 runed translucent doors, exclusion: obsidian statue, freelancePsychic's ghost, adept DjWr
Snake:4 Mara; Saint Roka


Innate Abilities, Weirdness & Mutations

You cannot drink.
You are immune to sickness and miasma.
You are immune to poison.
Your flesh is almost immune to the effects of heat. (rF+++)
You are vulnerable to cold. (rC-)
You float through the air rather than walking.
You learn spells naturally, not from books.
Your magical power is your life essence.
You have superior vitality. (+4 HP)
Your mind is acute. (Int +2)
You are somewhat resistant to further mutation.


Message History

Saint Roka convulses!
* * * LOW HITPOINT WARNING * * *
Saint Roka invokes the aid of Beogh against you.
Beogh smites you!
* * * LOW HITPOINT WARNING * * *
You can drink potions again.
The orc warrior shouts!
You hear an angry hiss.
A salamander mystic comes into view. It is wielding a +0 quarterstaff.
Saint Roka invokes the aid of Beogh against you.
Beogh smites you!
* * * LOW HITPOINT WARNING * * *
Casting: Agony (mildly dangerous; 1% risk of failure)
Confirm with . or Enter, or press ? or * to list all spells.
The heat is drained from your surroundings.
You feel very cold.
The salamander mystic, the naga, Saint Roka and the black mamba are frozen.
The salamander mystic is frozen!
The salamander mystic is heavily wounded.
You kill the naga!
Saint Roka resists.
Saint Roka is almost dead.
You kill the black mamba!
* * * LOW HITPOINT WARNING * * *
Saint Roka invokes the aid of Beogh against you.
Beogh smites you!
* * * LOW HITPOINT WARNING * * *
Casting: Ozocubu's Refrigeration (dangerous; 9% risk of failure)
Confirm with . or Enter, or press ? or * to list all spells.
The heat is drained from your surroundings.
You feel very cold.
The salamander mystic, Saint Roka and the orc warrior are frozen.
The salamander mystic is frozen!
The salamander mystic is almost dead.
Saint Roka resists.
Saint Roka is almost dead.
You kill the orc warrior!
* * * LOW HITPOINT WARNING * * *
Saint Roka mumbles some strange prayers to Beogh against you.
Beogh smites you!
You die...

*** *#)))..###. {*,
,,)..)...,,, * *#######.####,
* ..)).#. ,,
*#######.####..N.#...{.)..†.,
...#######.######..#...{....).
,
#.......##.#########...o......
, ,
.###<##.############)..##.. **
,, .###..............N..)..)..
,,
..#..........##).####..S..#*
,,............).@.o........###
..####################....# ,
**####################.###
,,∆, .................##.* ,,
,...............##., , , ****
* **** , *,*** , * ** ** * * *
, * ,** ,, , , , * , *, , , ,
,* ,,**,,*


You could see Saint Roka and a salamander mystic.

Vanquished Creatures
  Gastronok (D:9)
  The ghost of sleeves the Convoker, an adept BaSu of Sif Muna (Snake:1)
  A nagaraja (Snake:3)
  A minotaur (Gauntlet)
  Snorg (D:11)
  Josephine (D:15)
  An ettin (D:15)
  10 hydras
  A rakshasa (D:13)
  8 boulder beetles
  7 naga warriors
  An ogre mage (D:13)
  2 anacondas
  3 catoblepae
  6 centaur warriors
  3 death knights
  10 death yaks
  5 two-headed ogres
  A deep troll shaman (Lair:6)
  2 tengu warriors
  4 shock serpents
  8 naga sharpshooters
  5 orc high priests (Orc:2)
  A sixfirhy (Gauntlet)
  A shadow wraith (D:13)
  2 salamander mystics (Snake:2)
  7 skeletal warriors
  3 deep trolls (D:15)
  A wizard (D:13)
  2 naga ritualists (Snake:3)
  Pikel (D:9)
  A lindwurm (shapeshifter) (D:14)
  8 orc knights
  3 necromancers
  2 lindwurms (Lair:6)
  2 deep elf pyromancers
  2 mana vipers (Snake:1)
  An orb spider (shapeshifter) (Gauntlet)
  9 salamanders
  4 cyclopes
  A manticore (D:13)
  4 oklob plants
  3 orc sorcerers
  An ugly thing (D:12)
  A guardian serpent (Snake:3)
  Maurice (D:11)
  20 black mambas
  An ice statue (IceCv)
  30 elephants
  3 centaur zombies
  2 torpor snails
  9 naga magi
  An unseen horror (shapeshifter) (D:14)
  A yaktaur (D:13)
  Psyche (D:11)
  7 cane toads
  8 rime drakes
  12 komodo dragons
  A kobold demonologist (D:13)
  2 unseen horrors
  14 freezing wraiths
  A tengu conjurer (D:14)
  A jumping spider (shapeshifter) (D:13)
  3 trolls
  A wind drake (shapeshifter) (D:14)
  2 polar bears
  Grinder (D:6)
  10 blink frogs
  8 slime creatures
  A meliai zombie (D:15)
  37 yaks
  6 shadows (Gauntlet)
  5 wraiths
  3 wyverns
  6 basilisks
  A death yak simulacrum (IceCv)
  A steam dragon (D:9)
  A vampire mosquito (D:13)
  Menkaure (D:6)
  20 nagas
  14 water moccasins
  An acid dragon (D:13)
  A warg (Snake:4)
  Duvessa (D:6)
  3 sky beasts
  6 ice beasts (IceCv)
  31 orc warriors
  A hornet zombie (D:5)
  4 black bears
  A necrophage (D:5)
  10 ogres
  17 centaurs
  A phantom (D:4)
  12 wolves
  4 kobold brigands
  Blork the orc (D:4)
  13 bullfrogs
  A gnoll sergeant (D:11)
  A scorpion (D:7)
  Dowan (D:6)
  13 killer bees
  A water moccasin skeleton (D:6)
  5 wights
  5 howler monkeys
  2 elephant simulacra (IceCv)
  9 electric eels
  8 draconian simulacra (IceCv)
  A bullfrog zombie (D:5)
  2 hounds
  3 jellies
  36 orc priests
  6 centaur skeletons
  An iron imp (D:8)
  An iguana (D:5)
  20 orc wizards
  A polar bear simulacrum (IceCv)
  2 troll simulacra (IceCv)
  3 spriggan simulacra (IceCv)
  A hound zombie (D:5)
  A hound skeleton (D:4)
  13 gnolls
  4 ogre simulacra (IceCv)
  4 adders
  3 naga simulacra (IceCv)
  12 white imps (IceCv)
  3 ufetubi
  2 worms
  2 dart slugs
  70 orcs
  5 endoplasms
  3 giant cockroaches
  7 goblins
  11 hobgoblins
  8 jackals
  2 quokkas
  3 ball pythons
  6 bats
  7 frilled lizards
  13 kobolds
  8 rats
  2 butterflies (D:7)
798 creatures vanquished.

Vanquished Creatures (collateral kills)
  2 orc knights (Orc:2)
  4 orc warriors
  3 wights
  An orc (Bailey)
10 creatures vanquished.

Vanquished Creatures (others)
  A nagaraja (Snake:1)
  3 dancing weapons
  39 fungi
  64 plants
  3 withered plants (Gauntlet)
110 creatures vanquished.

Grand Total: 918 creatures vanquished

Notes
Turn   | Place    | Note
-------+----------+-------------------------------------------
     0 | D:1      | RBrandon the Djinni Artificer began the quest for the Orb.
     0 | D:1      | Reached XP level 1. HP: 17/17 MP: 0/0
   158 | D:1      | Found a burning altar of Makhleb.
   313 | D:1      | Reached skill level 1 in Throwing
   313 | D:1      | Reached XP level 2. HP: 17/22 MP: 0/0
  1491 | D:2      | Reached XP level 3. HP: 27/27 MP: 0/0
  1491 | D:2      | Learned a level 1 spell: Apportation
  1681 | D:2      | Reached XP level 4. HP: 29/32 MP: 0/0
  2514 | D:2      | Found a faded altar of an unknown god.
  3097 | D:3      | Found a white marble altar of Elyvilon.
  3242 | D:3      | Reached XP level 5. HP: 37/37 MP: 0/0
  3242 | D:3      | Learned a level 2 spell: Corpse Rot
  3532 | D:3      | Gained mutation: Your body sometimes deteriorates upon
                  | taking damage. [potion of mutation]
  3532 | D:3      | Gained mutation: You expend health (3 HP) to strengthen
                  | your wands. [potion of mutation]
  3722 | D:3      | Found Giafeora's Magic Scroll Boutique.
  3727 | D:3      | Bought a scroll of identify for 24 gold pieces
  3727 | D:3      | Bought a scroll of teleportation for 36 gold pieces
  3801 | D:3      | Found Hopomm Uraje's Weapon Boutique.
  4356 | D:4      | Lost mutation: Your body sometimes deteriorates upon taking
                  | damage. [potion of mutation]
  4356 | D:4      | Gained mutation: You are somewhat resistant to further
                  | mutation. [potion of mutation]
  4356 | D:4      | Gained mutation: Your body sometimes deteriorates upon
                  | taking damage. [potion of mutation]
  4356 | D:4      | Gained mutation: Your mind is acute. (Int +2) [potion of
                  | mutation]
  4446 | D:4      | Found a broken altar of Ashenzari.
  4474 | D:4      | Noticed Blork the orc
  4487 | D:4      | Killed Blork the orc
  4488 | D:4      | Reached XP level 6. HP: 42/42 MP: 0/0
  4546 | D:4      | Found an ornate altar of the Wu Jian Council.
  4703 | D:4      | Became a worshipper of Ashenzari the Shackled
  4936 | D:4      | Reached XP level 7. HP: 35/47 MP: 0/0
  4936 | D:4      | Learned a level 3 spell: Tukima's Dance
  5414 | D:5      | Entered Level 5 of the Dungeon
  6162 | D:5      | Noticed a wyvern
  6178 | D:5      | Killed a wyvern
  6179 | D:5      | Reached skill level 5 in Shields
  6179 | D:5      | Reached XP level 8. HP: 52/52 MP: 0/0
  6577 | D:5      | Found Tuolim's Armour Shop.
  6618 | D:5      | Bought a +0 helmet for 54 gold pieces
  6715 | D:5      | Noticed a two-headed ogre
  6748 | D:6      | Noticed Grinder
  6902 | D:5      | Killed a two-headed ogre
  6903 | D:5      | Reached XP level 9. HP: 14/57 MP: 0/0
  6903 | D:5      | Learned a level 4 spell: Sticky Flame
  7460 | D:6      | Reached skill level 1 in Spellcasting
  7728 | D:6      | Found a hazy altar of Hepliaklqana.
  7729 | D:6      | Found a glowing silver altar of Zin.
  7884 | D:6      | Found a hide-covered altar of Uskayaw.
  8167 | D:6      | Killed Grinder
  8427 | D:6      | Reached * piety under Ashenzari
  8440 | D:6      | Noticed Duvessa
  8440 | D:6      | Noticed Dowan
  8742 | D:5      | Reached skill level 1 in Maces & Flails
  9328 | D:6      | Killed Duvessa
  9345 | D:6      | Killed Dowan
  9529 | D:7      | Reached XP level 10. HP: 58/63 MP: 0/0
  9570 | D:7      | Found a flagged portal.
  9670 | Bailey   | Entered a bailey
  9670 | Bailey   | Noticed an orc knight
  9687 | Bailey   | Noticed an orc knight
 10306 | D:6      | Lost mutation: You expend health (3 HP) to strengthen your
                  | wands. [potion of mutation]
 10306 | D:6      | Lost mutation: Your body sometimes deteriorates upon taking
                  | damage. [potion of mutation]
 10306 | D:6      | Gained mutation: Your flesh is almost immune to the effects
                  | of heat. (rF+++) [potion of mutation]
 10570 | D:6      | Reached skill level 5 in Maces & Flails
 10946 | D:6      | Noticed Menkaure
 10986 | D:6      | Killed Menkaure
 11349 | D:6      | Reached ** piety under Ashenzari
 11388 | D:7      | Found a staircase to the Ecumenical Temple.
 11407 | D:8      | Found a staircase to the Lair.
 11522 | D:8      | Reached skill level 3 in Dodging
 11853 | D:8      | Found a snail-covered altar of Cheibriados.
 12161 | D:8      | Reached *** piety under Ashenzari
 12625 | D:7      | Reached skill level 4 in Dodging
 12817 | D:7      | Killed an orc knight
 12818 | D:7      | Reached skill level 5 in Dodging
 13171 | Lair:1   | Entered Level 1 of the Lair of Beasts
 13691 | Lair:1   | Reached skill level 5 in Spellcasting
 13902 | Lair:1   | Reached skill level 6 in Dodging
 14055 | Lair:1   | Noticed a komodo dragon
 14071 | Lair:1   | Killed a komodo dragon
 14072 | Lair:1   | Reached skill level 7 in Dodging
 14072 | Lair:1   | Reached XP level 11. HP: 40/68 MP: 0/0
 14072 | Lair:1   | Learned a level 4 spell: Airstrike
 14572 | Lair:1   | Reached skill level 8 in Dodging
 14587 | Lair:1   | Identified the ring of the Shouting Queen {rElec rC+ Dex+6
                  | Stlth+}
 14835 | Lair:1   | Reached **** piety under Ashenzari
 15288 | Lair:2   | Reached skill level 9 in Dodging
 15654 | Lair:2   | Reached ***** piety under Ashenzari
 16091 | Lair:2   | Noticed a seven-headed hydra
 16129 | Lair:3   | Reached skill level 10 in Shields
 16378 | Lair:3   | Noticed a six-headed hydra
 16387 | Lair:3   | Killed a six-headed hydra
 16633 | Lair:3   | Reached XP level 12. HP: 73/91 MP: 0/0
 16748 | Lair:3   | Reached skill level 5 in Fighting
 17014 | D:9      | Noticed Gastronok
 17645 | D:9      | Noticed Pikel
 17653 | D:9      | Killed Pikel
 17757 | D:9      | Found a staircase to the Orcish Mines.
 18029 | Orc:1    | Entered Level 1 of the Orcish Mines
 18129 | Orc:2    | Entered Level 2 of the Orcish Mines
 18156 | Orc:2    | Found Qaoma's Weapon Shoppe.
 18393 | Orc:2    | Found Faemaof's Specific Store.
 18436 | Orc:2    | Found Quseme's General Store.
 18685 | Orc:2    | Found a staircase to the Elven Halls.
 18695 | Orc:2    | Noticed an orc high priest
 18749 | Orc:1    | Found Senguf's Armour Shoppe.
 19213 | Orc:1    | RBrandon: ??devastator
 19213 | Orc:1    | beem: devastator[1/5]: (maces & flails; +3 acc / 8 dam /
                  | 1.3 base delay / 0.6 min delay). The shillelagh
                  | "Devastator". It's a +6 shillelagh that casts radius 1
                  | shatter when you hit something with it, centered on the
                  | thing you hit. Won't hit you or break walls. Spellpower
                  | scales with melee damage dealt. Not as noisy as the actual
                  | shatter spell (15, same as fireball, instead of 30).
 19408 | D:3      | Bought the +6 shillelagh "Devastator" {shatter} for 840
                  | gold pieces
 19408 | D:3      | Found the +6 shillelagh "Devastator" {shatter}
 19592 | Lair:2   | Killed a seven-headed hydra
 19964 | Lair:3   | Found a staircase to the Snake Pit.
 20584 | Lair:4   | Found a staircase to the Swamp.
 20643 | Lair:4   | Noticed a six-headed hydra
 20652 | Lair:4   | Killed a six-headed hydra
 20796 | Lair:4   | Reached XP level 13. HP: 85/97 MP: 0/0
 20796 | Lair:4   | Learned a level 5 spell: Agony
 21222 | Lair:4   | Identified the +3 leather armour "Jouvvu" {rPois Int+3
                  | Dex+3}
 21645 | Lair:5   | Noticed an eight-headed hydra
 21666 | Lair:5   | Killed an eight-headed hydra
 21998 | Lair:5   | Found a transporter.
 22048 | Lair:5   | Reached skill level 5 in Evocations
 22478 | Lair:5   | Noticed a boulder beetle
 22483 | Lair:5   | Noticed a four-headed hydra
 22498 | Lair:5   | Killed a four-headed hydra
 22508 | Lair:5   | Killed a boulder beetle
 22685 | Lair:5   | Reached ****** piety under Ashenzari
 22699 | Lair:5   | Noticed a five-headed hydra
 22706 | Lair:5   | Killed a five-headed hydra
 22783 | Lair:5   | Found a transporter.
 22787 | Lair:5   | Noticed a catoblepas
 22788 | Lair:5   | Noticed Necwier's ghost (journeyman MiBe)
 22788 | Lair:5   | Noticed a seven-headed hydra
 22804 | Lair:5   | Noticed a four-headed hydra
 23000 | Lair:6   | Entered Level 6 of the Lair of Beasts
 23260 | Lair:6   | Reached XP level 14. HP: 100/103 MP: 0/0
 23617 | Lair:6   | Reached skill level 10 in Fighting
 24267 | Lair:6   | Found a staircase to the Slime Pits.
 25217 | Lair:6   | Reached XP level 15. HP: 109/120 MP: 0/0
 25217 | Lair:6   | Learned a level 6 spell: Iron Shot
 25669 | Orc:2    | HP: 5/120 [orc priest/divine providence (14)]
 28362 | Orc:2    | Found Zusuof's Jewellery Shop.
 28362 | Orc:2    | Found Zeunu's Armour Shop.
 28363 | Orc:2    | Found Higowy's Book Boutique.
 28363 | Orc:2    | Found Vaskips's Book Shop.
 28812 | D:9      | Identified the +5 ring mail of the Everdark {Harm rN++
                  | SInv}
 29071 | D:9      | Found a burning altar of Makhleb.
 29123 | D:9      | Killed Gastronok
 29434 | D:10     | Entered Level 10 of the Dungeon
 30252 | D:10     | Identified a scroll of acquirement
 30332 | D:11     | Found a gate leading to a gauntlet.
 30339 | Gauntlet | Entered a Gauntlet
 30339 | Gauntlet | Found a transporter.
 30342 | Gauntlet | Found a transporter.
 30345 | Gauntlet | Found a transporter.
 30345 | Gauntlet | Found a transporter.
 30353 | Gauntlet | Found a transporter.
 30367 | Gauntlet | Found a transporter.
 30374 | Gauntlet | Found a transporter.
 30394 | Gauntlet | Noticed a cacodemon
 30399 | Gauntlet | Found a transporter.
 30406 | Gauntlet | Identified the +1 pair of gloves of Decaying Salvation
                  | {rPois}
 30435 | Gauntlet | Noticed a quicksilver ooze
 30457 | Gauntlet | Found a transporter.
 30458 | Gauntlet | Identified the ring of Guirhir {Fly rN++ Stlth-}
 30502 | Gauntlet | Found a transporter.
 30504 | Gauntlet | Identified the ring of Avvyas {rPois rF+ rC+ Will+ Slay-4}
 30553 | D:11     | Noticed Snorg
 30562 | D:11     | Noticed Maurice
 30566 | D:11     | Killed Maurice
 30577 | D:11     | Found a frozen archway.
 30586 | IceCv    | Entered an ice cave
 30660 | IceCv    | Reached skill level 10 in Spellcasting
 31410 | IceCv    | Reached XP level 16. HP: 126/126 MP: 0/0
 31597 | D:11     | Killed Snorg
 31614 | D:11     | Noticed Psyche
 31627 | D:11     | Killed Psyche
 32972 | D:12     | Found Kuklufy's Magic Scroll Emporium.
 33384 | D:13     | Found a portal to a secret trove of treasure.
 33463 | D:13     | Reached skill level 10 in Dodging
 33588 | D:13     | Found a glowing golden altar of the Shining One.
 33760 | D:13     | Reached skill level 11 in Dodging
 34651 | D:13     | Reached skill level 12 in Dodging
 34662 | D:13     | Found a gate to the Vaults.
 35334 | D:14     | Reached skill level 13 in Dodging
 35571 | D:14     | Reached skill level 1 in Stealth
 35763 | D:15     | Entered Level 15 of the Dungeon
 35783 | D:15     | Reached XP level 17. HP: 105/131 MP: 0/0
 35783 | D:15     | Learned a level 7 spell: Ozocubu's Refrigeration
 35911 | D:15     | Found a staircase to the Depths.
 36482 | D:15     | Noticed Josephine
 36651 | D:15     | Killed Josephine
 36931 | D:15     | Found a basalt altar of Yredelemnul.
 37520 | Snake:1  | Entered Level 1 of the Snake Pit
 37789 | Snake:1  | Reached skill level 5 in Armour
 37997 | Snake:1  | Found a runed translucent door.
 38001 | Snake:1  | Noticed sleeves's ghost (adept BaSu)
 39038 | Snake:1  | Killed sleeves's ghost
 40711 | Snake:3  | Reached skill level 10 in Armour
 40766 | Snake:3  | Found Afaapyob's Jewellery Emporium.
 40776 | Snake:3  | Found Efodeyrph's Distillery.
 40791 | Snake:3  | Identified the +9 quarterstaff "Wicwuhake" {drain, SInv}
 40888 | Snake:3  | Noticed freelancePsychic's ghost (adept DjWr)
 40893 | Snake:3  | Found Goig's Assorted Antiques.
 40952 | Snake:3  | Found Tinehiy's Jewellery Shoppe.
 41295 | Snake:3  | Reached XP level 18. HP: 75/139 MP: 0/0
 41640 | Snake:3  | Found a runed translucent gate.
 41642 | Snake:3  | Found a runed translucent gate.
 41643 | Snake:3  | Found a runed translucent gate.
 41644 | Snake:3  | Found an opulent altar of Gozag.
 41697 | Snake:3  | Found Sakabb's General Store.
 41842 | Snake:3  | Identified the +2 morningstar of Upheaval {pain, *Slow
                  | rElec rN+}
 41923 | Snake:4  | Entered Level 4 of the Snake Pit
 41942 | Snake:4  | Noticed Mara
 41968 | Snake:4  | Found Omilagot's Gadget Gallery.
 42206 | Snake:4  | Noticed Saint Roka
 42226 | Snake:4  | Killed from afar by Saint Roka

Illustrated notes

Levels and vault maps discovered:
D:1:      dpeg_arrival_lava_altar, layout_basic, chequers_serial_rivers_micro_d
D:2:      layout_loops_ring, hellmonk_ecumenical_altar_heavens_door,
          grunt_ministairs_11, minmay_door_square, chequers_serial_rivers_marsh
D:3:      layout_basic, nicolae_overflow_hidden_temple, serial_shops, shop, shop
D:4:      layout_basic, nicolae_wu_jian_immortal_techniques,
          cheibrodos_ashenzari_chains, uniq_blork_the_orc
D:5:      layout_loops_ring, minivault_1, kennysheep_small_square
D:6:      layout_rooms, gammafunk_temple_overflow_statue,
          nicolae_uskayaw_suspiria, kennysheep_cluttered_room, uniq_grinder,
          uniq_duvessa, uniq_menkaure
D:7:      layout_rooms, minmay_temple_entry_butterflies, enter_bailey_5
D:8:      layout_loops_ring, slow_altar_1, lair_entry_dummy, st_stairs_6
D:9:      layout_small_grid, bloody_makhleb, erik_orc_2, uniq_gastronok,
          uniq_pikel
D:10:     layout_loops_cross
D:11:     layout_small_grid, portal_ice_cave_rime, gauntlet_entry_generic,
          uniq_maurice, uniq_snorg, uniq_psyche
D:12:     layout_small_grid, serial_shops, nicolae_shop_trees,
          kennysheep_decorative_pillar
D:13:     minmay_triangles_in_corner, layout_layer_cave,
          hangedman_vaults_entry_quadrant_bands, nicolae_trove_entry_isolated,
          drop_trap, tso_metal_star
D:14:     layout_basic, grunt_ministairs_9
D:15:     hangedman_depths_entry_civil_slaughter, layout_small_grid,
          serial_bayou_lagoon_a, lemuel_zombie_altar_yredelemnul, uniq_josephine
Lair:1:   layout_small_grid, cheibrodos_lair_caveside_slide
Lair:2:   layout_cave_pods, serial_bayou_lake_a
Lair:3:   layout_layer_cave, minmay_snake_entry_six_corridors
Lair:4:   beast_lair_carwin_large_2, layout_gridlike, swamp_mist_pool
Lair:5:   layout_loops_ring, nzn_ghost_randoct, grunt_megastairs_4,
          lemuel_fruit_tree, infiniplex_staircase_pool, serial_bayou_shore_a
Lair:6:   grunt_lair_end_beastmaster, layout_long_grid,
          minmay_slime_entry_oklob_open
Snake:1:  layout_basic, ebering_ghost_reflecting_pool
Snake:2:  layout_basic
Snake:3:  layout_misc_corridors, serial_shops, nicolae_shop_crystal, shop, shop,
          shop_statue, ebering_ghost_gozag
Snake:4:  snake_pit, layout_misc_corridors, nicolae_snake_gridmaze_spiral,
          nicolae_shop_gadgets, uniq_saint_roka, uniq_mara
Orc:1:    layout_diamond_mine, serial_shops, nicolae_shop_statue_plus,
          basic_altar
Orc:2:    st_orc_pillars, layout_diamond_mine, serial_shops, shop,
          nicolae_specific_store

Skill      XL: |  1  2  3  4  5  6  7  8  9 10 11 12 13 14 15 16 17 18 |
---------------+-------------------------------------------------------+-----
Throwing       | 1 2 3 4 |  4.1
Shields        | 2 3 5 8 10 11 | 11.3
Armour         | 3 4 10 | 10.7
Spellcasting   | 3 5 6 10 11 12 | 12.1
Maces & Flails | 3 5 7 9 |  9.0
Dodging        | 7 9 13 | 13.1
Fighting       | 4 6 7 12 | 12.9
Evocations     | 8 |  8.6
Stealth        | 1 |  1.6

Action                   |  1- 3 |  4- 6 |  7- 9 | 10-12 | 13-15 | 16-18 || total
-------------------------+-------+-------+-------+-------+-------+-------++-------
Melee: Short sword       |    73 |    72 |       |       |       |       ||   145
       Club              |     5 |       |       |       |       |       ||     5
       Trident           |       |   146 |   213 |       |       |       ||   359
       Mace              |       |       |    78 |   399 |       |       ||   477
       Shillelagh        |       |       |       |    25 |   632 |   366 ||  1023
Throw: Dart              |     9 |    22 |    51 |    54 |       |    10 ||   146
       Boomerang         |       |       |       |     1 |       |       ||     1
 Cast: Apportation       |     4 |       |       |       |       |       ||     4
       Tukima's Dance    |       |       |       |    11 |     6 |       ||    17
       Sticky Flame      |       |       |       |    30 |    19 |       ||    49
       Airstrike         |       |       |       |   126 |    72 |     7 ||   205
       Agony             |       |       |       |       |    18 |    12 ||    30
       Iron Shot         |       |       |       |       |    59 |    75 ||   134
       Ozocubu's Refrige |       |       |       |       |       |    70 ||    70
Invok: Curse Item        |       |       |     2 |     6 |     3 |     1 ||    12
       Shatter the Chain |       |       |       |     1 |     1 |     1 ||     3
Evoke: Wand              |     3 |       |    13 |     6 |     1 |       ||    23
       Piece from Xom's  |       |       |     5 |     1 |     7 |     3 ||    16
  Use: Potion            |       |     5 |     7 |     1 |     3 |       ||    16
       Scroll            |       |     1 |     3 |     1 |     2 |     1 ||     8
 Stab: Sleeping          |       |     1 |       |     6 |     7 |    16 ||    30
       Distracted        |       |       |       |     1 |     6 |     1 ||     8
       Paralysed         |       |       |       |     1 |       |       ||     1
       Petrified         |       |       |       |       |     2 |       ||     2
       Petrifying        |       |       |       |       |     2 |       ||     2
       Confused          |       |       |       |       |     3 |       ||     3
Armor: Leather armour    |    27 |    16 |    88 |    77 |    55 |    14 ||   277
       Plate armour      |       |   116 |   117 |    19 |       |       ||   252
       Skin              |       |       |    33 |       |       |       ||    33
       Robe              |       |       |       |     4 |       |       ||     4
       Steam dragon scal |       |       |       |       |       |     9 ||     9
Dodge: Dodged            |    66 |    48 |   108 |   196 |   297 |   211 ||   926
Block: Kite shield       |       |    36 |   266 |   273 |   495 |   314 ||  1384
       Reflection        |       |       |       |       |    29 |    47 ||    76

Table legend: (Time is in decaauts)
 A = Elapsed time spent in this place.
 B = Non-inter-level travel time spent in this place.
 C = Inter-level travel time spent in this place.
 D = Time resting spent in this place.
 E = Time spent auto-exploring this place.
 F = Levels seen in this place.
 G = Mean time per level.
                   A        B        C        D        E       F      G
               +--------+--------+--------+--------+--------+-----+--------+
         Total |  42111 |  40010 |   2101 |  15421 |  15798 |  30 | 1403.7 |
       Dungeon |  22383 |  20994 |   1389 |   6831 |   9414 |  15 | 1492.2 |
          Lair |   9552 |   9008 |    544 |   3139 |   4215 |   6 | 1592.0 |
     Snake Pit |   4674 |   4618 |     56 |   2275 |   1725 |   4 | 1168.5 |
  Orcish Mines |   4344 |   4234 |    110 |   2619 |    382 |   2 | 2172.0 |
        Bailey |     25 |     25 |      0 |      0 |      0 |   1 |   25.0 |
      Ice Cave |    941 |    941 |      0 |    557 |     62 |   1 |  941.0 |
      Gauntlet |    189 |    189 |      0 |      0 |      0 |   1 |  189.0 |
               +--------+--------+--------+--------+--------+-----+--------+

Top non-repeatable levels by time:
     D:5: 3056 daAuts
     D:6: 2400 daAuts
   Orc:1: 2261 daAuts
  Lair:6: 2246 daAuts
   Orc:2: 2082 daAuts
     D:8: 1984 daAuts
  Lair:1: 1855 daAuts
 Snake:1: 1842 daAuts
     D:9: 1753 daAuts
     D:2: 1666 daAuts
    D:13: 1644 daAuts
  Lair:3: 1548 daAuts
    D:15: 1492 daAuts
  Lair:2: 1482 daAuts
     D:1: 1432 daAuts

Table legend:
 A = Kills in this place as a percentage of kills in entire the game.
 B = Kills by you in this place as a percentage of kills by you in the entire game.
 C = Kills by friends in this place as a percentage of kills by friends in the entire game.
 D = Other kills in this place as a percentage of other kills in the entire game.
 E = Experience gained in this place as a percentage of experience gained in the entire game.
 F = Experience gained in this place divided by the number of levels of this place that you have seen.
                   A       B       C       D       E      F
               +-------+-------+-------+-------+-------+----------------------
         Total | 100.0 | 100.0 | 100.0 | 100.0 | 100.0 | 7141.8
       Dungeon |  44.6 |  44.8 |  30.0 |   0.0 |  34.4 | 4910.0
          Lair |  22.7 |  23.0 |   0.0 |   0.0 |  30.2 | 10771.8
     Snake Pit |  11.9 |  11.9 |   0.0 | 100.0 |  23.1 | 12386.5
  Orcish Mines |  12.4 |  12.1 |  40.0 |   0.0 |   7.4 | 7967.5
        Bailey |   0.4 |   0.0 |  30.0 |   0.0 |   0.1 | 133.0
      Ice Cave |   6.7 |   6.8 |   0.0 |   0.0 |   3.0 | 6438.0
      Gauntlet |   1.4 |   1.4 |   0.0 |   0.0 |   1.8 | 3921.0
               +-------+-------+-------+-------+-------+----------------------
